 Dungeon Crawl Stone Soup version 0.28-a0-1190-g77e1c55843 (webtiles) character file.

Game seed: 8493897398240676126

296 ChaosChampion the Magician (level 6, 0/32 HPs)
             Began as a Deep Elf Conjurer on Dec 18, 2021.
             Succumbed to a scorpion's poison
             ... on level 3 of the Dungeon.
             The game lasted 00:04:25 (3849 turns).

ChaosChampion the Magician (Deep Elf Conjurer)      Turns: 3849, Time: 00:04:26

Health: 0/32       AC:  2    Str:  1 (4)  XL:     6   Next: 12%
Magic:  0/17       EV: 12    Int: 22 (25) God:
Gold:   359        SH:  0    Dex: 12 (13) Spells: 7/17 levels left

rFire   . . .      SeeInvis .   (no weapon)
rCold   . . .      Faith    .   (no shield)
rNeg    . . .      Spirit   .   a - +0 robe
rPois   .          Reflect  .   (no helmet)
rElec   .          Harm     .   (no cloak)
rCorr   .          Rampage  .   (no gloves)
Will    .....                   (no boots)
Stlth   ++........              (no amulet)
HPRegen 0.10/turn               (no ring)
MPRegen 0.15/turn               (no ring)

@: lethally poisoned (0 -> -4)
A: no striking features
a: no special abilities


You were on level 3 of the Dungeon.
You visited 1 branch of the dungeon, and saw 4 of its levels.

You collected 359 gold pieces.

Inventory:

Armour
 a - a +0 robe (worn)
Jewellery
 f - a +6 ring of strength
 n - a +6 ring of strength
Wands
 l - a wand of flame (28)
Scrolls
 b - 2 scrolls of identify {unknown}
 d - a scroll of enchant armour {unknown}
 e - a scroll of torment {unknown}
 h - a scroll of fear {unknown}
 j - 2 scrolls of blinking {unknown}
 k - a scroll of vulnerability {unknown}
 m - a scroll of acquirement {unknown}
Potions
 i - a potion of haste {unknown}


   Skills:
 - Level 2.4 Dodging
 - Level 2.4 Stealth
 + Level 6.4 Spellcasting
 + Level 5.6 Conjurations
 * Level 2.1 Translocations
 * Level 2.1 Earth Magic


You had 7 spell levels left.
You knew the following spells:

 Your Spells              Type           Power      Damage    Failure   Level
a - Magic Dart            Conj           100%       1d8       1%          1
b - Searing Ray           Conj           62%        2d6       1%          2
c - Stone Arrow           Conj/Erth      48%        3d10      5%          3
d - Iskenderun's Mystic   Conj/Tloc      24%        2d7       19%         4

Your spell library contained the following spells:

 Spells                   Type           Power      Damage    Failure   Level
 Sandblast                Erth           32%        2d9       3%          1
 Static Discharge         Conj/Air       19%        N/A       4%          2
 Passwall                 Tmut/Erth      9%         N/A       9%          2
 Dazzling Flash           Conj/Hex       38%        N/A       9%          3
 Fulminant Prism          Conj/Hex       9%         3d7       28%         4
 Lightning Bolt           Conj/Air       9%         1d22      61%         5
 Maxwell's Capacitive Co  Air            3%         ∞         100%        8


Dungeon Overview and Level Annotations

Branches:
Dungeon (4/15)
 Temple: D:4-7

Altars:

Shops:
D:2 *


Message History

Press: ? - help, Shift-Dir - straight line, f/p - scorpion
Aim: a scorpion (almost dead, 81% to hit)
The searing ray hits the scorpion.
The scorpion is almost dead. (Press . to maintain the ray.)
You feel sick. The scorpion closely misses you. The adder skeleton misses you.
Without enough magic to sustain it, your searing ray dissipates.
You feel sick. The scorpion closely misses you. The adder skeleton bites you.
You feel sick. The scorpion misses you.
The adder skeleton bites you but does no damage.
You climb upwards.
You feel sick.
There is a stone staircase leading down here.
You feel sick. The scorpion stings you. x2
* * * LOW HITPOINT WARNING * * *
You are lethally poisoned!
The scorpion poisons you!
* * * LOW HITPOINT WARNING * * *
You feel very sick.
You feel better. The scorpion stings you!
* * * LOW HITPOINT WARNING * * *
You are lethally poisoned!
The scorpion poisons you!
* * * LOW HITPOINT WARNING * * *
You feel sick.
Casting: Searing Ray (safe; 1% risk of failure)
Confirm with . or Enter, or press ? or * to list all spells.
Aiming: Magic Dart (safe; 1% risk of failure)
Press: ? - help, Shift-Dir - straight line, f - scorpion
Aim: a scorpion (almost dead, 100% to hit)
The magic dart hits the scorpion.
You kill the scorpion!
* * * LOW HITPOINT WARNING * * *
You feel sick.
Your Translocations skill increases to level 2!
Your Earth Magic skill increases to level 2!
You have reached level 6!
It was a potion of degeneration.
There was something very wrong with that liquid.
You feel weakened.
You feel dopey.
You feel clumsy.
You die...

...# #..........##.### # ...#
#..........'....# # ...#
#..........##[#.# #### ...#
#..........##.#.# #<##
#######..........##.#.########.##
.............######.#.#..........
.###########.# #.#.#.########.
.###########.######.#............
................@..>###.#########
.###########.######## #.#
...........#.# #.# .......###.#.#
#.# .......# #.#.# #.# .......#
#.#.# #.# .......#
#.#.##########.#
.......###.#.#..>.....#.#
........##.#.#........#.#


There were no monsters in sight!

Vanquished Creatures
  A scorpion (D:3)
  A hound (D:4)
  Ijyb (D:3)
  An orc wizard (D:4)
  A hound skeleton (D:4)
  Robin (D:2)
  A gnoll (D:1)
  An adder (D:3)
  An adder skeleton (D:3)
  An adder zombie (D:4)
  5 worms
  2 dart slugs
  7 orcs
  8 ball pythons
  A bat (D:3)
  9 endoplasms
  A giant cockroach (D:1)
  11 goblins
  9 hobgoblins
  4 jackals (D:1)
  6 kobolds
  2 quokkas
  4 frilled lizards
  9 rats
88 creatures vanquished.

Vanquished Creatures (others)
  4 fungi (D:3)
  5 toadstools (D:3)
9 creatures vanquished.

Grand Total: 97 creatures vanquished

Notes
Turn   | Place    | Note
-------+----------+-------------------------------------------
     0 | D:1      | ChaosChampion the Deep Elf Conjurer began the quest for the
                  | Orb.
     0 | D:1      | Reached XP level 1. HP: 10/10 MP: 6/6
   144 | D:1      | Reached XP level 2. HP: 15/15 MP: 2/8
   209 | D:1      | Found a faded altar of an unknown god.
   335 | D:1      | Reached skill level 4 in Spellcasting
   476 | D:1      | Reached XP level 3. HP: 19/19 MP: 8/10
  1353 | D:2      | Found Plog's General Store.
  1469 | D:2      | Noticed Robin
  1472 | D:2      | Reached skill level 5 in Spellcasting
  1484 | D:2      | Killed Robin
  1485 | D:2      | Reached skill level 5 in Conjurations
  1485 | D:2      | Reached XP level 4. HP: 24/24 MP: 0/13
  1735 | D:2      | Learned a level 2 spell: Searing Ray
  1819 | D:2      | You fall into a shaft and drop 2 floors!
  1914 | D:4      | Learned a level 3 spell: Stone Arrow
  1920 | D:4      | Learned a level 4 spell: Iskenderun's Mystic Blast
  2358 | D:3      | Noticed Ijyb
  2364 | D:3      | Killed Ijyb
  2365 | D:3      | Reached skill level 6 in Spellcasting
  2610 | D:3      | Reached XP level 5. HP: 20/28 MP: 11/15
  3493 | D:4      | Reached skill level 1 in Translocations
  3493 | D:4      | Reached skill level 1 in Earth Magic
  3845 | D:3      | HP: 1/28 [poisoned by a scorpion]
  3849 | D:3      | Reached XP level 6. HP: 1/32 MP: 0/17
  3849 | D:3      | Succumbed to a scorpion's poison

Illustrated notes

Levels and vault maps discovered:
D:1:      tarquinn_simple_flora_water_f, layout_rooms,
          hellmonk_ecumenical_altar_crossroads
D:2:      layout_basic, serial_shops, shop, minmay_misc_feat_rows, uniq_robin
D:3:      layout_basic, minmay_fountain_box, minmay_gold_behind_fungi, uniq_ijyb
D:4:      layout_cave_pools, gammafunk_ghost_split, solitary_fountain

Skill      XL: |  1  2  3  4  5 |
---------------+----------------+-----
Spellcasting   | 4 5 6 |  6.4
Conjurations   | 5 |  5.6
Translocations | 2 |  2.1
Earth Magic    | 2 |  2.1
Dodging        | |  2.4
Stealth        | |  2.4

Action                   |  1- 3 |  4- 6 || total
-------------------------+-------+-------++-------
 Cast: Magic Dart        |    91 |    59 ||   150
       Searing Ray       |       |    17 ||    17
       Stone Arrow       |       |     3 ||     3
       Iskenderun's Myst |       |     1 ||     1
  Use: Potion            |       |     2 ||     2
Armor: Robe              |       |    11 ||    11
Dodge: Dodged            |     4 |    28 ||    32

Table legend: (Time is in decaauts)
 A = Elapsed time spent in this place.
 B = Non-inter-level travel time spent in this place.
 C = Inter-level travel time spent in this place.
 D = Time resting spent in this place.
 E = Time spent auto-exploring this place.
 F = Levels seen in this place.
 G = Mean time per level.
                   A        B        C        D        E       F      G
               +--------+--------+--------+--------+--------+-----+--------+
         Total |   3852 |   3724 |    128 |    447 |   2819 |   4 |  963.0 |
       Dungeon |   3852 |   3724 |    128 |    447 |   2819 |   4 |  963.0 |
               +--------+--------+--------+--------+--------+-----+--------+

Top non-repeatable levels by time:
     D:3: 1642 daAuts
     D:2: 1083 daAuts
     D:1: 964 daAuts
     D:4: 162 daAuts
